[Event "1st Festival ChessInLyon-GM 2024"]
[Site "Lyon"]
[Date "2024.04.27"]
[Round "8.1"]
[White "Vlachos, Anatole"]
[Black "Gatineau, Yovann"]
[Result "1/2-1/2"]
[ECO "C11"]
[WhiteElo "2482"]
[BlackElo "2408"]
[Annotator "TA"]
[PlyCount "54"]
[EventDate "2024.04.23"]
[EventType "tourn"]
[EventCountry "FRA"]
[SourceTitle "playchess.com"]
[Source "ChessBase"]
[SourceQuality "1"]
[TimeControl "40/5400+30:1800+30"]

1. e4 e6 2. d4 d5 3. Nc3 Nf6 4. e5 Nfd7 5. f4 c5 6. Nf3 Nc6 7. Be3 Be7 8. Qd2 O-O 9. dxc5 Qa5 10. Nd4 Bxc5 11. Nb3 Bxe3 {[%emt 0:00:06] White is slightly better.} 12. Qxe3 Qb6 13. Qxb6 axb6 14. O-O-O g5 15. g3 gxf4 16. gxf4 f6 17. Bh3 Nc5 18. f5 exf5 19. exf6 (19. Rxd5 $2 Nxb3+ (19... Nxe5 20. Nxc5 bxc5 21. Rf1 $16) 20. cxb3 fxe5 $19 (20... Nxe5 21. Rf1 $11)) 19... Nxb3+ 20. cxb3 {[%emt 0:02:11] Rhg1+ would now be deadly.} d4 21. Nd5 Ra5 {[%emt 0:55:06] [#]} (21... Rxa2 {looks sharper.} 22. Rhg1+ Kf7 23. Kb1 Ra5) 22. a3 $2 {[%mdl 8192] [#]} Rxa3 $4 23. Rhg1+ $18 Kh8 24. Ne7 $2 (24. bxa3 $18 Be6 25. Nf4 (25. Nxb6 Rxf6 26. Rde1 h6 $18) 25... Rxf6 26. Nxe6 Rxe6 27. Bxf5) 24... Ra5 $15 25. Nxc6 {[%emt 0:01:21] [#]} (25. Nxc8 $1 $15 Rxc8 26. Rg5) 25... Be6 $2 {[%emt 0:00:00][%mdl 8192] [#]} 26. Rxd4 $4 bxc6 $2 (26... Ra1+ $19 {has better winning chances.} 27. Kc2 Rxg1) 27. Rg3 {[#]} Bxb3 $2 {[%emt 0:00:00][%mdl 40960] Weighted Error Value: White=0.97/Black=0.29 (precise) .  Loses game:     	White=1     	Black=2      Missed win:     	White=1     	Black=2      Inaccurate:     	White=1     	Black=2      OK:         	White=5     	Black=7     . An unexpected result.} 1/2-1/2

[Event "1st Festival ChessInLyon-GM 2024"]
[Site "Lyon"]
[Date "2024.04.27"]
[Round "8.2"]
[White "Droin, Augustin"]
[Black "Fedorchuk, Sergey A."]
[Result "0-1"]
[ECO "C54"]
[WhiteElo "2478"]
[BlackElo "2557"]
[Annotator "TA"]
[PlyCount "50"]
[EventDate "2024.04.23"]
[EventType "tourn"]
[EventCountry "FRA"]
[SourceTitle "playchess.com"]
[Source "ChessBase"]
[SourceQuality "1"]
[TimeControl "40/5400+30:1800+30"]

1. e4 e5 2. Nf3 Nc6 3. Bc4 Bc5 4. d3 Nf6 5. O-O d6 6. c3 a6 7. Re1 Ba7 8. Bb3 h6 9. Be3 O-O 10. Bxa7 Rxa7 {[%emt 0:00:03] The position is equal.} 11. h3 Nh5 12. Kh2 Nf4 13. Re3 Ra8 14. Ng1 Be6 15. g3 Bxb3 16. Qxb3 Ne6 17. Qxb7 Qd7 18. Qb3 f5 19. exf5 Rxf5 20. Rf3 Rb8 21. Qd5 {[%emt 0:10:04][%mdl 8192] [#] Loses the game.} (21. Qd1 $15 Rxf3 22. Nxf3) 21... Ne7 $19 {[%emt 0:04:03] Black is clearly winning.} 22. Qc4 d5 23. Qxa6 Ng5 24. Rxf5 Qxf5 (24... Nxf5 25. Nd2 Rxb2 26. Rd1 $17) 25. Kg2 Rxb2 {[%emt 0:04:21] Weighted Error Value: White=0.55/Black=0.02 (flawless) .  Loses game:     	White=1     	---        Inaccurate:     	White=1     	---        OK:         	White=3     	Black=6      Best:        	---       	Black=1} 0-1

[Event "1st Festival ChessInLyon-GM 2024"]
[Site "Lyon"]
[Date "2024.04.27"]
[Round "8.3"]
[White "Boyer, Mahel"]
[Black "Shyaamnikhil P"]
[Result "1/2-1/2"]
[ECO "E14"]
[WhiteElo "2432"]
[BlackElo "2390"]
[Annotator "TA"]
[PlyCount "47"]
[EventDate "2024.04.23"]
[EventType "tourn"]
[EventCountry "FRA"]
[SourceTitle "playchess.com"]
[Source "ChessBase"]
[SourceQuality "1"]
[TimeControl "40/5400+30:1800+30"]

1. d4 Nf6 2. c4 e6 3. Nf3 Bb4+ 4. Nbd2 O-O 5. a3 Bxd2+ 6. Qxd2 d6 7. e3 b6 8. Be2 Bb7 9. O-O a5 10. b3 Nbd7 11. Bb2 Ne4 12. Qc2 f5 {[%emt 0:01:18] [#]} 13. d5 $1 e5 {[%emt 0:06:09] Against Nd4. White is slightly better.} 14. b4 Rf6 (14... b5 $11 {remains equal.}) 15. Bd3 (15. Nh4 $16) 15... Rh6 16. Bxe4 (16. g3 $1 $14) 16... fxe4 $11 17. Qxe4 Nf6 18. Qc2 Qe8 $1 {[%emt 0:03:50] Hoping for ...Bc8.} 19. h3 Qh5 (19... b5 $11) 20. Nh2 $1 $14 Rg6 21. f4 {[%emt 0:01:44] The position is equal.} Qxh3 22. Rf3 Qh5 {[%emt 0:00:48] [#] White must now prevent ...Bc8.} 23. fxe5 dxe5 {[%emt 0:00:15] ...Bc8 is the strong threat.} 24. Qf5 {[%emt 0:09:30] Weighted Error Value: White=0.16 (very precise) /Black=0.21 (precise) .  Mistake:       	White=2     	Black=2      OK:         	White=5     	Black=5      Best:        	White=1     	---        Strong:       	White=1     	Black=1} 1/2-1/2

[Event "1st Festival ChessInLyon-GM 2024"]
[Site "Lyon"]
[Date "2024.04.27"]
[Round "8.4"]
[White "Tahay, Alexis"]
[Black "Pourramezanali, Amirreza"]
[Result "0-1"]
[ECO "C72"]
[WhiteElo "2382"]
[BlackElo "2502"]
[Annotator "TA"]
[PlyCount "52"]
[EventDate "2024.04.23"]
[EventType "tourn"]
[EventCountry "FRA"]
[SourceTitle "playchess.com"]
[Source "ChessBase"]
[SourceQuality "1"]
[TimeControl "40/5400+30:1800+30"]

1. e4 e5 2. Nf3 Nc6 3. Bb5 a6 4. Ba4 d6 5. O-O Bd7 6. c4 Nf6 7. Re1 Bg4 8. h3 Bxf3 {[%emt 0:00:03] The position is equal.} 9. Qxf3 Nd7 10. Bxc6 bxc6 11. d4 exd4 12. e5 $1 dxe5 {[%emt 0:05:35] aiming for ...Qf6.} 13. Qxc6 f6 14. f4 Bb4 15. Bd2 Bxd2 16. Nxd2 O-O 17. Nf3 Kh8 (17... exf4 $11 {should be considered.} 18. Rad1 (18. Nxd4 Ne5 $11) 18... Ne5 19. Nxe5 fxe5) 18. fxe5 $14 Nxe5 19. Nxe5 fxe5 20. Rxe5 Qh4 {[%emt 0:09:34] [#] Inhibits Qe4.} 21. Rf5 $1 {[%emt 0:12:57] Wards off Qf2+. Hoping for Raf1.} Rad8 22. Raf1 (22. Rxf8+ $1 $14 Rxf8 23. Qxc7) 22... Rxf5 $15 23. Rxf5 d3 $36 {[%emt 0:04:13][%mdl 2048] Black has some pressure.} 24. Qc5 $1 {[%emt 0:07:13] White wants to mate with Rf8+.} Qe1+ 25. Kh2 {[%emt 0:00:10] [#]} Qe8 {[%emt 0:01:48] Prevents Qf8+. Black is much more active.} 26. Re5 $2 {[%emt 0:00:27][%mdl 8192] [#] Prevents d2} (26. Rd5 $15) 26... Qxe5+ $3 {[%emt 0:00:08][%mdl 512] Weighted Error Value: White=0.51/Black=0.10 (very precise) .  Loses game:     	White=1     	---        Mistake:       	White=1     	Black=1      Inaccurate:     	White=1     	Black=1      OK:         	White=4     	Black=9      Best:        	White=2     	Black=2      Strong:       	White=2     	---        Brilliant:      	White=1     	Black=1} 0-1

[Event "1st Festival ChessInLyon-GM 2024"]
[Site "Lyon"]
[Date "2024.04.27"]
[Round "8.5"]
[White "Poetsch, Hagen"]
[Black "Crut, Aurelien"]
[Result "1-0"]
[ECO "C18"]
[WhiteElo "2460"]
[BlackElo "2312"]
[Annotator "TA"]
[PlyCount "65"]
[EventDate "2024.04.23"]
[EventType "tourn"]
[EventCountry "FRA"]
[SourceTitle "playchess.com"]
[Source "ChessBase"]
[SourceQuality "1"]
[TimeControl "40/5400+30:1800+30"]

1. e4 e6 2. d4 d5 3. Nc3 Bb4 4. e5 c5 5. a3 Bxc3+ 6. bxc3 Ne7 7. h4 Qc7 8. Rh3 b6 9. h5 h6 10. Qg4 Kf8 {[%emt 0:13:36] The position is equal.} 11. Bd3 (11. Rf3 $14) 11... cxd4 $1 $15 12. Ne2 (12. Qxd4 Nbc6 13. Qf4 Nxe5 $17 (13... Qxe5+ 14. Qxe5 Nxe5 15. Rh4 $17)) 12... Ba6 ({Black should play} 12... dxc3 $15 13. Bf4 Rg8) 13. cxd4 $11 ({Much worse is} 13. Qxd4 Nbc6 14. Qh4 Bxd3 15. cxd3 Qxe5 $17 (15... Nxe5 16. Kf1 $17)) 13... Bxd3 14. Rxd3 Nbc6 15. Rf3 Kg8 16. Qf4 Nd8 17. c3 {[%emt 0:04:13] Black is weak on the dark squares} Kf8 18. a4 Ke8 19. Ba3 (19. Kf1 {simplifies} Kf8 20. a5 bxa5 21. Ba3) 19... Kd7 (19... Qd7 $16) 20. Qg4 $1 $18 Rg8 21. Bd6 (21. c4 $18) 21... Qc4 $16 22. a5 {[%emt 0:00:45] axb6 would now be deadly. The board is on fire. White is more active.} bxa5 23. Rxa5 {[%emt 0:00:25] Hoping for Rc5.} Nec6 $2 (23... f5 $16 24. Qf4 Nb7) 24. Rc5 $18 Qa6 {[%emt 0:00:39] [#]} 25. Nc1 (25. Rxd5 $2 {loses.} Qa1+ 26. Kd2 Qa2+ 27. Kd3 f5 $19 (27... Qxd5 $2 28. c4 $19) (27... Qxd5 $2 28. c4 $19)) (25. c4 $1 $18 Qa1+ 26. Kd2) 25... Qa1 {[%emt 0:01:12] [#]} (25... Rc8 $16) 26. Kd1 ({Weaker is} 26. Qf4 Rc8 $14) (26. Kd2 $1 $18) 26... Qb1 $2 (26... Rc8 $16) 27. c4 f5 28. Qh4 (28. exf6 $142 Kxd6 29. f7) 28... Qe4 (28... Rc8 $142 29. cxd5 exd5 30. Rxd5 Ra8 31. Ba3+ Ke8) 29. Rf4 Qxg2 {[%emt 0:00:20] [#]} 30. Qe7+ $3 {[%mdl 512] White mates.} Nxe7 31. Rc7+ Ke8 32. Rxe7+ Kf8 33. Rxe6+ {[%emt 0:00:14] Weighted Error Value: White=0.59/Black=0.61.  Loses game:     	---       	Black=2      Mistake:       	White=4     	Black=3      Inaccurate:     	---       	Black=3      OK:         	White=7     	Black=5      Best:        	White=2     	---        Strong:       	---       	Black=1} 1-0

[Event "1st Festival ChessInLyon-GM 2024"]
[Site "Lyon"]
[Date "2024.04.28"]
[Round "9.1"]
[White "Gatineau, Yovann"]
[Black "Poetsch, Hagen"]
[Result "1/2-1/2"]
[ECO "D39"]
[WhiteElo "2408"]
[BlackElo "2460"]
[Annotator "TA"]
[PlyCount "61"]
[EventDate "2024.04.23"]
[EventType "tourn"]
[EventCountry "FRA"]
[SourceTitle "playchess.com"]
[Source "ChessBase"]
[SourceQuality "1"]
[TimeControl "40/5400+30:1800+30"]

1. d4 Nf6 2. c4 e6 3. Nf3 d5 4. Nc3 Bb4 5. Bg5 dxc4 6. e4 b5 7. a4 c5 8. axb5 cxd4 9. Nxd4 {[%emt 0:01:04] White is slightly better.} (9. Bxf6 {simplifies} Qxf6 10. Qxd4 Qxd4 11. Nxd4 Bc5 12. Nf3) 9... h6 10. Be3 {[%emt 0:01:43] And now Qa4 would win.} Nxe4 11. Qc2 (11. Bxc4 $2 Nxc3 12. bxc3 Bxc3+ 13. Ke2 Bxa1 14. Qxa1 O-O $19) 11... Bb7 12. Bxc4 Qc7 13. O-O $1 Nxc3 14. bxc3 Qxc4 15. cxb4 Qd5 16. f3 {[%emt 0:01:26][%cal Od4e6] Active counter play!} O-O 17. Ra5 Rc8 {[%emt 0:03:16] Wards off b6} 18. Qb2 (18. Qd2 $16 e5 19. b6) 18... Qd6 $14 19. Rfa1 Rc4 20. Rxa7 Rxa7 21. Rxa7 Rxb4 22. Qc3 {[%emt 0:03:53] Black is weak on the dark squares} Bd5 23. Rc7 ({White should try} 23. Qc8+ $14 Kh7 24. Qc2+ (24. Rxf7 Bc4 $11) 24... f5 25. Kh1) 23... Nd7 $1 $11 24. Rc8+ Kh7 $1 25. Qd3+ f5 26. Bd2 {[%emt 0:00:25] Nxf5 is the strong threat.} Ra4 27. Bc3 {[%emt 0:01:50][%cal Od4f5] Threatens to win with Nxf5!} Ne5 28. Qe3 ({But not} 28. Nxf5 $2 exf5 29. Bxe5 Qxe5 $19) 28... Nc4 29. Qd3 {[%emt 0:03:00] [#]} (29. Qe1 $1 $15) 29... Ne5 $2 (29... Qb6 $1 $19 {has better winning chances. Hoping for ...Nd6.} 30. Qc2 Ra7) 30. Qe3 $1 $17 {[%emt 0:04:46][%cal Od4f5] [#]} ({Avoid the trap} 30. Nxf5 $2 exf5 31. Bxe5 Qxe5 $19) 30... Nc4 (30... Ra2 $1 $17 {[%cal Oe5g4] ...Ng4! would now be deadly.} 31. h3 (31. Nxf5 $2 Nxf3+ $19) 31... Ng6) 31. Qd3 {[%emt 0:00:24] Weighted Error Value: White=0.21 (precise) /Black=0.22 (precise) .  Loses game:     	White=1     	---        Mistake:       	White=2     	Black=2      Inaccurate:     	White=2     	Black=4      OK:         	White=8     	Black=8      Best:        	White=1     	Black=4      Strong:       	White=2     	Black=2} 1/2-1/2

[Event "1st Festival ChessInLyon-GM 2024"]
[Site "Lyon"]
[Date "2024.04.28"]
[Round "9.2"]
[White "Crut, Aurelien"]
[Black "Boyer, Mahel"]
[Result "1/2-1/2"]
[ECO "C07"]
[WhiteElo "2312"]
[BlackElo "2432"]
[Annotator "TA"]
[PlyCount "32"]
[EventDate "2024.04.23"]
[EventType "tourn"]
[EventCountry "FRA"]
[SourceTitle "playchess.com"]
[Source "ChessBase"]
[SourceQuality "1"]
[TimeControl "40/5400+30:1800+30"]

1. e4 e6 2. d4 d5 3. Nd2 c5 4. Ngf3 a6 5. c3 Nc6 6. Bd3 cxd4 7. cxd4 dxe4 8. Nxe4 Bb4+ 9. Bd2 Be7 10. O-O Nf6 {[%emt 0:00:04] White has an edge.} 11. Nxf6+ Bxf6 12. Bc3 O-O 13. Ne5 Qd6 14. Re1 Bd7 15. Qf3 Rad8 (15... Nxd4 $2 {loses.} 16. Qe4 Nf5 17. g4 $18) 16. Rad1 {[%emt 0:02:58] Re3 is the strong threat. White has more active pieces.} Qc7 $2 {[%emt 0:00:00][%mdl 32768] Weighted Error Value: White=0.01 (flawless) /Black=0.17 (very precise) .  Loses game:     	---       	Black=1      Inaccurate:     	---       	Black=2      OK:         	White=2     	Black=1      Best:        	White=2     	---       . An unexpected result.} (16... Bc8 $16) 1/2-1/2

[Event "1st Festival ChessInLyon-GM 2024"]
[Site "Lyon"]
[Date "2024.04.28"]
[Round "9.3"]
[White "Shyaamnikhil P"]
[Black "Droin, Augustin"]
[Result "1/2-1/2"]
[ECO "C67"]
[WhiteElo "2390"]
[BlackElo "2478"]
[Annotator "TA"]
[PlyCount "138"]
[EventDate "2024.04.23"]
[EventType "tourn"]
[EventCountry "FRA"]
[SourceTitle "playchess.com"]
[Source "ChessBase"]
[SourceQuality "1"]
[TimeControl "40/5400+30:1800+30"]

1. e4 e5 2. Nf3 Nc6 3. Bb5 Nf6 4. O-O Nxe4 5. d4 exd4 6. Re1 $1 f5 7. Nxd4 Nxd4 8. Qxd4 {[%emt 0:00:07] White is slightly better.} c6 $1 9. f3 {[%emt 0:05:20][%cal Bf2f3,Bf3e4,Be4f5][%mdl 32] Prevents d5} cxb5 10. fxe4 Qb6 $1 11. exf5+ (11. Qxb6 {simplifies} axb6 12. exf5+ Kf7 13. Nc3) 11... Kf7 12. Be3 Qxd4 13. Bxd4 b6 14. Nc3 b4 $1 15. Ne4 h6 {[%emt 0:00:05] Prevents Ng5+.} 16. Nf2 d6 17. Nd3 {[%emt 0:07:17] White has more active pieces. The black rooks are passive.} Bxf5 18. Nxb4 (18. Rf1 $5 Kg6 $8 19. Nxb4 $14) 18... Re8 19. Rf1 Kg6 20. c3 Bd7 21. a4 Be7 22. a5 Bb5 23. Rf3 Bh4 {[%emt 0:02:38] Wards off Rg3+} 24. axb6 axb6 25. Bxb6 (25. g3 $14 {was preferrable.} Bd8 26. Nd5) 25... Re2 $11 26. Bf2 Bxf2+ (26... Ra8 $5 27. Rc1 (27. Rxa8 Bxf2+ 28. Kf1 Rd2+ $11) 27... Bg5 $11) 27. Rxf2 Rhe8 28. Rxe2 Rxe2 $14 {[%emt 0:00:03][%mdl 4096] Endgame. KRB-KRN} 29. Rd1 Rxb2 30. Rxd6+ Kh7 31. Rd1 Be8 32. Nd3 Ra2 33. Ne5 Re2 34. Rd5 g5 35. Kf1 Rc2 36. c4 Kg7 37. Rd6 h5 38. Re6 Bf7 39. Rc6 {[%emt 0:00:24] [#] And now Rc7 would win.} Be8 40. Re6 Bf7 41. Rc6 {[%emt 0:30:39] Hoping for Rc7.} Be8 42. Rc8 Ba4 43. Nf3 g4 44. Nd4 Rd2 45. Nf5+ (45. Rd8 $14 Ra2 46. Rd5) 45... Kg6 $11 46. Ne3 Rb2 47. Rc5 Bd7 48. Rd5 Be6 49. Re5 Bc8 50. Rb5 Ra2 51. Nd5 {[%emt 0:00:00] [#] aiming for Ne7+.} Ba6 52. Nf4+ Kf7 {[%emt 0:00:00] The position is equal.} 53. Rf5+ Ke7 54. Rxh5 {[%emt 0:00:00] Nd5+ would now be deadly.} Bxc4+ 55. Kg1 Kf6 {[%emt 0:00:00] Wards off Rg5} 56. Rc5 Bf7 57. Kf1 Ra4 58. g3 Ra2 59. Kg1 Rd2 60. Ra5 Rd1+ 61. Kf2 Rd2+ 62. Ke3 Rxh2 63. Ra6+ Kf5 64. Ra7 Kf6 65. Nd3 Bc4 66. Nc5 Kf5 67. Ra5 Ra2 68. Rxa2 Bxa2 69. Ne4 Ke5 {[%emt 0:00:11] Weighted Error Value: White=0.05 (flawless) /Black=0.05 (flawless) .  Mistake:       	White=2     	---        Inaccurate:     	White=2     	Black=5      OK:         	White=37    	Black=39     Best:        	White=2     	Black=1      Strong:       	---       	Black=3} 1/2-1/2

[Event "1st Festival ChessInLyon-GM 2024"]
[Site "Lyon"]
[Date "2024.04.28"]
[Round "9.4"]
[White "Fedorchuk, Sergey A."]
[Black "Tahay, Alexis"]
[Result "1/2-1/2"]
[ECO "B95"]
[WhiteElo "2557"]
[BlackElo "2382"]
[Annotator "ChessBase"]
[PlyCount "96"]
[EventDate "2024.04.23"]
[EventType "tourn"]
[EventCountry "FRA"]
[SourceTitle "playchess.com"]
[Source "ChessBase"]
[SourceQuality "1"]
[TimeControl "40/5400+30:1800+30"]

1. e4 c5 2. Nf3 d6 3. d4 cxd4 4. Nxd4 Nf6 5. Nc3 a6 6. Bg5 e6 7. Qf3 h6 8. Bd2 Qc7 9. Bd3 Bd7 10. O-O Nc6 11. Nxc6 Bxc6 12. Rfe1 Be7 13. Qg3 g6 14. a4 Rc8 15. b4 d5 16. Bf4 Qd8 17. Be5 dxe4 18. Bxe4 Bxe4 19. Rad1 Qb6 20. Nxe4 Nxe4 21. Rxe4 O-O 22. h4 Rfd8 23. Bd4 Qc7 24. Qe3 Bf6 25. Qxh6 e5 26. h5 Bg7 27. Qg5 Rxd4 28. Rdxd4 exd4 29. hxg6 fxg6 30. Qxg6 Qf7 31. Qg5 Rf8 32. f3 Re8 33. Rxd4 Qf6 34. Qd5+ Qe6 35. Qxe6+ Rxe6 36. Rc4 Bf8 37. Kf2 Kf7 38. c3 Bd6 39. f4 Kf6 40. g4 b5 41. axb5 axb5 42. Rd4 Bc7 43. Rd5 Re4 44. Rf5+ Ke6 45. Rxb5 Rxf4+ 46. Ke3 Rxg4 47. Kd3 Be5 48. Rc5 Kd6 1/2-1/2